 Dungeon Crawl Stone Soup version 0.18-a0-1800-gdc7a371 (webtiles) character file.

895 TheGoonsmith the Conjurer (level 7, -14/36 HPs)
             Began as a Deep Elf Fire Elementalist on Apr 24, 2016.
             Shot with an arrow by a centaur (15 damage)
             ... on level 6 of the Dungeon.
             The game lasted 00:08:47 (4555 turns).

TheGoonsmith the Conjurer (DEFE)                    Turns: 4555, Time: 00:08:48

Health: -14/36     AC:  2    Str:  5    XL:     7   Next: 78%
Magic:  10/16      EV: 13    Int: 22    God:
Gold:   309        SH:  0    Dex: 15    Spells: 4 memorised, 3 levels left

rFire  . . .     SeeInvis .     h - +1 rapier (speed)
rCold  . . .     Gourm    .     a - +0 robe
rNeg   . . .     Faith    .     (no shield)
rPois  .         Spirit   .     (no helmet)
rElec  .         Dismiss  .     (no cloak)
rCorr  .         Reflect  .     (no gloves)
SustAt .         Harm     .     (no boots)
MR     .....                    e - amulet of rage
Stlth  ++........               (no ring)
                                (no ring)

@: not resistant to hostile enchantments, unstealthy
A: no striking features
a: Evoke Berserk Rage


You were on level 6 of the Dungeon.
You were not hungry.

You visited 1 branch of the dungeon, and saw 6 of its levels.

You collected 309 gold pieces.

Inventory:

Hand Weapons
 h - a +1 rapier of speed (weapon)
 j - a +1 whip
Armour
 a - a +0 robe (worn)
 y - a +0 buckler
Jewellery
 e - an amulet of rage (around neck)
Wands
 k - a wand of digging (6/24)
 n - a wand of random effects (36/48)
Scrolls
 g - 5 scrolls of teleportation
 l - 2 scrolls of remove curse
 m - 2 scrolls of identify
 p - a scroll of amnesia
 v - a scroll of enchant weapon
 w - a scroll of fear
 A - a scroll of magic mapping {unknown}
Potions
 d - a potion of haste
 i - 2 potions of flight
 o - 2 potions of brilliance
 q - a potion of ambrosia {unknown}
 r - 2 potions of curing {unknown}
 s - a potion of cancellation {unknown}
 t - 2 potions of berserk rage
 u - 3 potions of resistance {unknown}
 x - a potion of degeneration {unknown}
Books
 b - a book of Flames

   Spells                             Type                      Level
   a - Flame Tongue                   Conjuration/Fire             1
   b - Throw Flame                    Conjuration/Fire             2
   c - Conjure Flame                  Conjuration/Fire             3
   d - Inner Flame                    Hexes/Fire                   3
   e - Sticky Flame                   Conjuration/Fire             4
   f - Fireball                       Conjuration/Fire             5
Comestibles
 c - 5 bread rations
 f - a meat ration
 z - a royal jelly


   Skills:
 - Level 2.4 Dodging
 - Level 2.4 Stealth
 + Level 5.2 Spellcasting
 * Level 6.9 Conjurations
 * Level 6.6 Fire Magic


You had 3 spell levels left.
You knew the following spells:

 Your Spells              Type           Power        Failure   Level  Hunger
a - Flame Tongue          Conj/Fire      #####        1%          1    None
c - Conjure Flame         Conj/Fire      #####...     1%          3    ##.....
f - Fireball              Conj/Fire      #####.....   17%         5    #####..
s - Sticky Flame          Conj/Fire      #####...     8%          4    ####...


Dungeon Overview and Level Annotations

Branches:
Dungeon (6/15)
 Temple: D:4-7

Altars:
Dithmenos
Xom


Message History

Confirm with . or Enter, or press ? or * to list all spells.
Aiming: Flame Tongue
Press: ? - help, Shift-Dir - straight line, f/p - centaur
Aim: a centaur, wielding a shortbow (heavily wounded)
The flame tongue hits the centaur.
The centaur is almost dead.
The centaur shoots an arrow.
The arrow hits you!
* * * LOW HITPOINT WARNING * * *
Drink which item? (? for menu, Esc to quit)
Okay, then.
You start resting.
Casting: Flame Tongue
Confirm with . or Enter, or press ? or * to list all spells.
Aiming: Flame Tongue
Press: ? - help, Shift-Dir - straight line, f/p - centaur
Aim: a centaur, wielding a shortbow (almost dead)
The flame tongue hits the centaur.
The centaur is almost dead.
The centaur shoots an arrow.
The arrow hits you!
You die...

#......#
#.#..<#.
###...###
#.#####.
##.......#
#....##.
#........#
#....'..
#..#...#.#
#....###
#....###.#
#....# #
#..#.#...#
#....# #
###..#...#.####
#[...# #
#......@......#
#....# #
#...####.####.#
###### # #..
#(# # #
..c....c#
...####.# #.#
... #.# ..#


You could see a centaur.

Vanquished Creatures
  Prince Ribbit (D:5)
  A phantom (D:4)
  An ogre (D:5)
  A necrophage (D:4)
  A centaur (D:5)
  2 crimson imps
  A hound (D:4)
  2 jellies
  A giant frog skeleton (D:5)
  A worker ant (D:5)
  A hound zombie (D:5)
  7 adders
  A shadow imp (D:4)
  2 oozes
  An adder skeleton (D:4)
  2 worms
  2 dart slugs (D:1)
  2 giant geckos
  2 orcs
  4 giant cockroaches
  8 goblins
  6 hobgoblins
  4 jackals
  4 kobolds
  2 quokkas
  2 ball pythons
  2 bats
  5 giant newts
  A quokka skeleton (D:4)
  2 rats
72 creatures vanquished.

Notes
Turn   | Place    | Note
--------------------------------------------------------------
     0 | D:1      | TheGoonsmith the Deep Elf Fire Elementalist began the quest for the Orb.
     0 | D:1      | Reached XP level 1. HP: 10/10 MP: 6/6
   349 | D:1      | Reached XP level 2. HP: 12/15 MP: 1/8
   939 | D:2      | Reached XP level 3. HP: 19/19 MP: 4/9
  1309 | D:2      | Learned a level 3 spell: Conjure Flame
  1656 | D:3      | Found a faded altar to an unknown god.
  1744 | D:3      | Reached XP level 4. HP: 24/24 MP: 8/10
  1750 | D:3      | Learned a level 4 spell: Sticky Flame
  2694 | D:4      | Noticed a necrophage
  2703 | D:4      | Killed a necrophage
  2703 | D:4      | Reached XP level 5. HP: 28/28 MP: 1/11
  2784 | D:4      | Found a shadowy altar of Dithmenos.
  2855 | D:4      | Reached skill level 5 in Conjurations
  2855 | D:4      | Reached skill level 5 in Fire Magic
  2869 | D:4      | Noticed a phantom
  2875 | D:4      | Killed a phantom
  2875 | D:4      | Reached XP level 6. HP: 30/32 MP: 3/14
  3099 | D:5      | Entered Level 5 of the Dungeon
  3150 | D:5      | Found a shimmering altar of Xom.
  3193 | D:5      | Learned a level 5 spell: Fireball
  3221 | D:5      | Reached XP level 7. HP: 36/36 MP: 11/15
  3581 | D:5      | Noticed Prince Ribbit
  3591 | D:5      | Killed Prince Ribbit
  3594 | D:5      | Reached skill level 5 in Spellcasting
  4550 | D:6      | HP: 1/36 [centaur/arrow (10)]
  4555 | D:6      | Shot with an arrow by a centaur

Vault maps used:
D:1:      saegor_arrival_miasma
D:3:      ecumenical_altar_1, minmay_misc_feat_tower, kennysheep_big_empty_room,
          corexii_shack
D:4:      nicolae_dithmenos_the_darkroom
D:5:      xom_butterflies, first_bread, kennysheep_crisscross,
          minmay_misc_feat_tiny, uniq_prince_ribbit1
D:6:      minmay_temple_entry_junction, minmay_misc_feat_square, led_sif_pool

Skill      XL: |  1  2  3  4  5  6  7 |
---------------+----------------------+-----
Conjurations   | 2 3 4 5 6 |  6.9
Fire Magic     | 4 5 6 |  6.6
Spellcasting   | 4 5 |  5.2
Dodging        | |  2.4
Stealth        | |  2.4

Action                   |  1- 3 |  4- 6 |  7- 9 || total
-------------------------+-------+-------+-------++-------
Melee: Whip              |     1 |     6 |       ||     7
       Rapier            |       |       |    40 ||    40
 Cast: Flame Tongue      |    61 |    67 |    33 ||   161
       Conjure Flame     |       |     2 |     1 ||     3
       Sticky Flame      |       |       |     2 ||     2
 Abil: Evoke Berserk Rag |       |       |     2 ||     2
  Use: Scroll            |       |    15 |       ||    15
       Potion            |       |     1 |       ||     1
  Eat: Chunk             |     2 |     1 |     1 ||     4
       Pizza             |       |     1 |       ||     1
       Meat ration       |       |     1 |     1 ||     2
Armor: Robe              |     4 |     2 |       ||     6
Dodge: Dodged            |    12 |    33 |    27 ||    72
